 Dungeon Crawl Stone Soup version 0.32-a0-132-g2d33c3cfaf (webtiles) character file.

Game seed: 1777391150777678603

3602 hikkokomori the Grappler (level 9, -1/88 HPs)
             Began as a Troll Fighter on Feb 9, 2024.
             Was a Follower of Okawaru.
             Slain by a slime creature (13 damage)
             ... on level 6 of the Dungeon.
             The game lasted 00:11:01 (4707 turns).

hikkokomori the Grappler (Troll Fighter)            Turns: 4707, Time: 00:11:02

Health: -1/88      AC:  5    Str: 26    XL:     9   Next: 86%
Magic:  0/8        EV:  9    Int:  4    God:    Okawaru [*.....]
Gold:   314        SH:  9    Dex: 13    Spells: 8/8 levels left

rFire   . .          .
                       - Unarmed
rCold   . . .        b - +0 kite shield
rNeg    . . .        a - +0 robe
rPois   .            (helmet restricted)
rElec   .            i - +0 cloak
rCorr   +            (gloves unavailable)
SInv    .            (boots unavailable)
Will    +....        s - amulet of guardian spirit
Stlth   ++           y - ring of willpower
HPRegen 1.14/turn    x - ring of resist corrosion
MPRegen 0.11/turn

%: guardian spirit
@: no status effects
A: large, unfitting armour, claws 3, regeneration 1, shaggy fur 1, tough skin 1
a: Renounce Religion, Heroism


You were on level 6 of the Dungeon.
You worshipped Okawaru.
Okawaru was aware of your devotion.
You visited 2 branches of the dungeon, and saw 8 of its levels.

You collected 314 gold pieces.

Inventory:

Missiles
 k - 2 javelins
 l - 4 boomerangs
 t - 15 poisoned darts
Armour
 a - a +0 robe (worn)
 b - a +0 kite shield (worn)
 i - a +0 cloak (worn)
Jewellery
 e - a ring of fire
 s - an amulet of guardian spirit (around neck)
 x - a ring of resist corrosion (right claw)
 y - a ring of willpower (left claw)
 B - a ring of protection from fire
Wands
 m - a wand of flame (17) (quivered)
Scrolls
 d - 6 scrolls of identify
 f - 2 scrolls of poison
 h - 3 scrolls of blinking
 j - a scroll of enchant armour {unknown}
 n - a scroll of silence
 p - 2 scrolls of immolation {unknown}
Potions
 c - a potion of might
 g - a potion of cancellation {unknown}
 o - a potion of berserk rage
 q - a potion of brilliance
 r - a potion of degeneration {unknown}
 u - a potion of heal wounds
 v - a potion of ambrosia {unknown}
 w - a potion of haste {unknown}
 z - a potion of attraction {unknown}
 A - 4 potions of curing {unknown}


   Skills:
 - Level 5.0 Fighting
 + Level 6.0 Throwing
 - Level 3.0 Dodging
 - Level 2.0 Stealth
 - Level 6.0 Shields
 - Level 8.0 Unarmed Combat
 - Level 3.0 Evocations


You had 8 spell levels left.
You didn't know any spells.
Your spell library contained the following spells:

 Spells                   Type           Power      Damage    Failure   Level
 Sublimation of Blood     Necr           0%         N/A       86%         2
 Call Imp                 Summ           Unusable   N/A       N/A         2
 Summon Hydra             Summ           Unusable   N/A       N/A         7

Dungeon Overview and Level Annotations

Branches:
Dungeon (7/15)             Temple (1/1) D:7

Altars:
Ashenzari
Cheibriados
Elyvilon
Fedhas
Gozag
Hepliaklqana
Makhleb
Okawaru
Qazlal
Ru
Sif Muna
Trog
Uskayaw
Vehumet
Wu Jian
Xom
Zin
The Shining One

Shops:
D:3 [


Innate Abilities, Weirdness & Mutations

You are too large for most types of armour.
You have claws for hands.
Your natural rate of healing is unusually fast.
You are covered in fur. (AC +1)
You have tough skin. (AC +1)


Message History

You climb downwards.
The slime creature hits you! You block the slime creature's attack.
The slime creature quivers.
There is a stone staircase leading up, spattered with blood here.
The slime creature hits you! The slime creature hits you.
You climb upwards.
There is a stone staircase leading down, spattered with blood here.
You are too injured to fight recklessly!
You are too injured to fight recklessly!
You are too injured to fight recklessly!
You claw the slime creature!
The slime creature is moderately wounded.
You claw the slime creature!
The slime creature is heavily wounded.
You block the slime creature's attack.
The slime creature hits you but does no damage.
You scratch the slime creature.
The slime creature is heavily wounded.
You block the slime creature's attack. x2
You barely miss the slime creature.
The slime creature is heavily wounded.
The slime creature hits you! The slime creature closely misses you.
You barely miss the slime creature.
The slime creature is heavily wounded.
The slime creature misses you. x2
You claw the slime creature!
The slime creature is severely wounded.
The slime creature closely misses you. The slime creature hits you.
You scratch the slime creature.
The slime creature is severely wounded.
The slime creature hits you. You block the slime creature's attack.
You scratch the slime creature.
The slime creature is severely wounded.
The slime creature hits you! x2
You claw the slime creature!
The slime creature is almost dead.
The slime creature hits you!!
* * * LOW HITPOINT WARNING * * *
The slime creature hits you!
You die...

.###.##.# #.#.###.# ######## ##.##
#.# ##..##..###### #.# #.#
###........#...# ##.# #.#
##...........##.# ...# #.#
#.....)......##.# ####
##.###.##........###.##
#...##.##........###..#
######.......รท..@.......##.######
.........####...JJ...............
#...##.### ##...[....#....#####.
#.#.....## ##..##.[####..# #.
#.#....#.## #.###.## #..# #.
#.#..#.##.#####.###.#####..# #.
.....#.....................# #.
##...#..#.####..........<..#####.
###....#.# #...########........


You could see 2 slime creatures.

Vanquished Creatures
  2 slime creatures (D:6)
  3 yaks (D:7)
  A wyvern (D:7)
  Eustachio (D:4)
  A steam dragon (D:6)
  3 black bears
  3 ice beasts
  2 ogres
  A centaur (D:5)
  2 phantoms
  A kobold brigand (D:6)
  A bullfrog (D:7)
  3 scorpions
  4 wights (D:7)
  An electric eel (D:6)
  3 bombardier beetles
  2 jellies (D:5)
  6 hounds
  2 orc priests
  A gnoll bouda (D:6)
  7 orc wizards
  2 iguanas
  Robin (D:4)
  9 gnolls
  7 adders
  A shadow imp (D:5)
  6 ribbon worms
  2 dart slugs
  22 orcs
  3 bats
  3 endoplasms
  A giant cockroach (D:3)
  16 goblins
  8 hobgoblins
  4 jackals (D:3)
  8 kobolds
  3 quokkas
  3 ball pythons
  A frilled lizard (D:1)
  6 rats (D:1)
156 creatures vanquished.

Notes
Turn   | Place    | Note
-------+----------+-------------------------------------------
     0 | D:1      | hikkokomori the Troll Fighter began the quest for the Orb.
     0 | D:1      | Reached XP level 1. HP: 22/22 MP: 0/0
   218 | D:1      | Reached XP level 2. HP: 20/29 MP: 1/1
   236 | D:1      | Reached skill level 3 in Unarmed Combat
   699 | D:2      | Reached XP level 3. HP: 35/36 MP: 2/2
   711 | D:2      | Found a faded altar of an unknown god.
   713 | D:2      | Noticed a black bear
   722 | D:2      | Killed a black bear
   723 | D:2      | Reached skill level 5 in Unarmed Combat
   723 | D:2      | Reached XP level 4. HP: 44/44 MP: 3/3
  1139 | D:3      | Reached XP level 5. HP: 50/50 MP: 4/4
  1278 | D:3      | Found Tugaw's Antique Armour Shop.
  1355 | D:3      | Reached skill level 1 in Stealth
  1589 | D:4      | Noticed Robin
  1622 | D:4      | Reached XP level 6. HP: 48/61 MP: 5/5
  1730 | D:4      | Killed Robin
  1786 | D:4      | Found a hide-covered altar of Uskayaw.
  1825 | D:4      | Noticed Eustachio
  1869 | D:4      | Killed Eustachio
  1870 | D:4      | Reached skill level 1 in Throwing
  1870 | D:4      | Reached XP level 7. HP: 15/67 MP: 6/6
  1945 | D:4      | Found a broken altar of Ashenzari.
  2104 | D:4      | Found a snail-covered altar of Cheibriados.
  2149 | D:5      | Entered Level 5 of the Dungeon
  2212 | D:5      | Reached skill level 1 in Evocations
  2398 | D:5      | Reached XP level 8. HP: 68/75 MP: 5/7
  2742 | D:5      | Reached skill level 6 in Unarmed Combat
  3190 | D:6      | Reached skill level 7 in Unarmed Combat
  3405 | D:6      | Reached skill level 5 in Fighting
  3433 | D:6      | Reached XP level 9. HP: 84/88 MP: 8/8
  3839 | D:7      | Reached skill level 8 in Unarmed Combat
  4120 | D:7      | Found a staircase to the Ecumenical Temple.
  4135 | Temple   | Entered the Ecumenical Temple
  4153 | Temple   | Became a worshipper of Warmaster Okawaru
  4191 | D:7      | Reached skill level 5 in Shields
  4346 | D:7      | Reached skill level 5 in Throwing
  4385 | D:7      | Reached * piety under Okawaru
  4707 | D:6      | Slain by a slime creature

Illustrated notes

Levels and vault maps discovered:
D:1:      dpeg_arrival_rooms_a, layout_loops_cross, hex_tiny,
          minmay_pentomino_r4
D:2:      layout_rooms, hellmonk_ecumenical_altar_pennies_from_heaven
D:3:      layout_loops_cross, serial_shops, nicolae_shop_pleasant_corner_grove,
          st_stairs_6
D:4:      layout_rooms, mainiacjoe_overflow_24_doors,
          mainiacjoe_overflow_concentric_impassable, slow_altar_2, uniq_robin,
          uniq_eustachio
D:5:      layout_basic
D:6:      layout_loops_ring, minmay_misc_feat_columns, st_stairs_5, minivault_4,
          nicolae_zig_zag_zippers
D:7:      layout_rooms, minmay_temple_entry_mini_moons,
          hangedman_decor_riveting, corexii_leaking_fountain
Temple:   hellmonk_temple_two_chambers

Skill      XL: |  1  2  3  4  5  6  7  8  9 |
---------------+----------------------------+-----
Unarmed Combat | 3 5 7 8 |  8.0
Fighting       | 3 5 |  5.0
Stealth        | 1 2 |  2.0
Shields        | 4 6 |  6.0
Dodging        | 3 |  3.0
Throwing       | 1 3 6 |  6.0
Evocations     | 2 3 |  3.0

Action                     |  1- 3 |  4- 6 |  7- 9 || total
---------------------------+-------+-------+-------++-------
  Melee: Unarmed           |    58 |   144 |   299 ||   501
  Throw: Throwing net      |       |       |     1 ||     1
  Evoke: Wand              |       |     2 |     4 ||     6
    Use: Potion            |       |     1 |     2 ||     3
         Scroll            |       |       |     3 ||     3
   Stab: Sleeping          |     1 |     1 |     2 ||     4
 Armour: Robe              |    40 |   125 |   180 ||   345
  Dodge: Dodged            |    14 |    69 |    69 ||   152
  Block: Kite shield       |    25 |    70 |   115 ||   210

Table legend: (Time is in decaauts)
 A = Elapsed time spent in this place.
 B = Non-inter-level travel time spent in this place.
 C = Inter-level travel time spent in this place.
 D = Time resting spent in this place.
 E = Time spent auto-exploring this place.
 F = Levels seen in this place.
 G = Mean time per level.
                   A        B        C        D        E       F      G
               +--------+--------+--------+--------+--------+-----+--------+
         Total |   4724 |   4497 |    227 |    168 |   3205 |   8 |  590.5 |
       Dungeon |   4699 |   4472 |    227 |    168 |   3205 |   7 |  671.3 |
        Temple |     24 |     24 |      0 |      0 |      0 |   1 |   24.0 |
               +--------+--------+--------+--------+--------+-----+--------+

Top non-repeatable levels by time:
     D:6: 989 daAuts
     D:5: 870 daAuts
     D:4: 665 daAuts
     D:1: 632 daAuts
     D:7: 611 daAuts
     D:2: 465 daAuts
     D:3: 465 daAuts
  Temple: 24 daAuts
